 Dungeon Crawl Stone Soup version 0.21.1-1-g345015fe64 (webtiles) character file.

1933 Brecoman the Changer (level 8, -1/70 HPs)
             Began as a Purple Draconian Transmuter on June 20, 2018.
             Slain by a two-headed ogre
             ... wielding a +0 giant club
              (16 damage)
             ... on level 8 of the Dungeon.
             The game lasted 00:59:17 (9980 turns).

Brecoman the Changer (Purple Draconian Transmuter)  Turns: 9980, Time: 00:59:17

Health: -1/70      AC:  6    Str: 12    XL:     8   Next: 97%
Magic:  2/15       EV: 10    Int: 14    God:
Gold:   158        SH:  0    Dex: 14    Spells: 4/16 levels left

rFire    . . .     SeeInvis .     - Unarmed
rCold    + + +     Gourm    .   (shield currently unavailable)
rNeg     . . .     Faith    .   (armour unavailable)
rPois    +         Spirit   .   (helmet currently unavailable)
rElec    .         Reflect  .   (cloak currently unavailable)
rCorr    .         Harm     .   (gloves currently unavailable)
MR       +....                  (boots currently unavailable)
Stlth    +.........             a - amulet of regeneration
HPRegen  0.61/turn              g - ring of protection from fire
MPRegen  0.14/turn              o - ring of protection from cold

@: ice-form
A: large, (breathe power), unfitting armour, AC +6
a: End Transformation


You were on level 8 of the Dungeon.
You were not hungry.
You were a creature of crystalline ice.
You visited 1 branch of the dungeon, and saw 8 of its levels.

You collected 345 gold pieces.
You spent 187 gold pieces at shops.

Inventory:

Hand Weapons
 r - a +1 scythe of chaos
Missiles
 e - 3 tomahawks (quivered)
 i - 161 stones
 v - 78 arrows
Armour
 d - a +1 pair of boots
 k - a +1 pair of boots of stealth (melded)
 t - a +0 buckler
 J - a +2 cloak (melded)
Jewellery
 a - an amulet of regeneration (around neck)
 g - a ring of protection from fire (left front paw)
 j - a +5 amulet of reflection
 o - a ring of protection from cold (right front paw)
Wands
 G - a wand of paralysis (15)
 K - a wand of polymorph (15)
Scrolls
 l - 9 scrolls of identify
 q - 6 scrolls of teleportation
 y - 2 scrolls of magic mapping
 z - 2 scrolls of remove curse
 D - a scroll of fear
Potions
 f - 2 potions of degeneration
 h - 2 potions of lignification {unknown}
 m - 2 potions of heal wounds {unknown}
 n - 2 potions of curing
 p - 2 potions of resistance
 s - a potion of agility {unknown}
 u - a potion of mutation {unknown}
 w - a potion of might {unknown}
 x - a potion of flight {unknown}
 A - 4 potions of magic
 B - 2 potions of berserk rage {unknown}
 H - a potion of cancellation {unknown}
Books
 b - a book of Changes

   Spells                             Type                      Level
   a - Beastly Appendage              Transmutation                1
   b - Sticks to Snakes               Transmutation                2
   c - Spider Form                    Transmutation/Poison         3
   d - Ice Form                       Ice/Transmutation            4
   e - Blade Hands                    Transmutation                5
Comestibles
 c - 10 rations


   Skills:
 - Level 1.1 Fighting
 - Level 1.9 Polearms
 + Level 2.1 Dodging
 - Level 0.2 Stealth
 + Level 6.4 Unarmed Combat
 * Level 4.7 Spellcasting
 + Level 7.2 Transmutations
 - Level 5.5 Ice Magic


You had 4 spell levels left.
You knew the following spells:

 Your Spells              Type           Power        Failure   Level  Hunger
a - Beastly Appendage     Tmut           ###...       1%          1    None
b - Sticks to Snakes      Tmut           ###.....     1%          2    ##.....
c - Ice Form              Ice/Tmut       ###.....     13%         4    ####...
d - Blade Hands           Tmut           ###.......   26%         5    ######.


Dungeon Overview and Level Annotations

Branches:
Dungeon (8/15)             Temple (0/1) D:7
   Lair: D:8-11

Altars:
Ashenzari
Elyvilon

Shops:
D:4 *


Innate Abilities, Weirdness & Mutations

((You can breathe bolts of dispelling energy.))
((Your rich purple scales are hard. (AC +6)))
You cannot fit into any form of body armour.
((You are cold-blooded and may be slowed by cold attacks.))


Message History

Casting: Sticks to Snakes
Confirm with . or Enter, or press ? or * to list all spells.
You turn into a creature of crystalline ice.
Your +2 cloak melds into your body.
Your +1 pair of boots of stealth melds into your body.
You feel less stealthy.
Your adder bites the two-headed ogre but does no damage.
You hear a distant slurping noise.
Your ball python bites the two-headed ogre but does no damage. x2
The two-headed ogre hits your ball python with a giant club!
Your ball python dies!
A worker ant comes into view.
Your adder bites the two-headed ogre but does no damage.
Your ball python closely misses the two-headed ogre.
Your adder barely misses the two-headed ogre.
Your ball python barely misses the two-headed ogre.
You hit the two-headed ogre. You freeze the two-headed ogre.
The two-headed ogre is severely wounded.
The two-headed ogre hits you with a giant club!
You die...

..# #.# #.#
# #<# #. #.#
###[a####.#
........#.##
.....##S.<.#
#.OY...#
#.#S...#
.....####
###.### #. .
.. ##


You could see a two-headed ogre, a friendly adder and a friendly ball python.

Vanquished Creatures
  The ghost of Kholdaimon the Charmwright, an amateur GnSk (D:4)
  Menkaure (D:7)
  A sky beast (D:5)
  An ice beast (D:6)
  3 ogres
  A centaur (D:4)
  3 bullfrogs (D:6)
  A scorpion (D:4)
  A howler monkey (D:6)
  A crimson imp (D:5)
  2 centaur zombies
  A quasit (D:6)
  2 orc wizards (D:4)
  A hound (D:6)
  Crazy Yiuf (D:7)
  3 orc priests
  A centaur skeleton (D:7)
  Ijyb (D:4)
  Natasha (D:2)
  6 worker ants
  3 worker ant zombies
  8 adders
  3 gnolls (D:4)
  3 oozes
  A worm (D:2)
  A dart slug (D:2)
  4 leopard geckos
  17 orcs
  A ball python (D:5)
  8 giant cockroaches
  12 goblins
  3 hobgoblins
  8 jackals
  A quokka (D:4)
  5 bats
  2 frilled lizards (D:1)
  5 kobolds
  A leopard gecko skeleton (D:6)
  5 rats
124 creatures vanquished.

Vanquished Creatures (collateral kills)
  Sigmund (D:2)
  An iguana (D:4)
  Terence (D:2)
  An adder (D:2)
  A giant cockroach (D:4)
  A bat (D:2)
6 creatures vanquished.

Grand Total: 130 creatures vanquished

Notes
Turn   | Place    | Note
-------+----------+-------------------------------------------
     0 | D:1      | Brecoman the Draconian Transmuter began the quest for the Orb.
     0 | D:1      | Reached XP level 1. HP: 16/16 MP: 3/3
   387 | D:1      | Reached XP level 2. HP: 21/23 MP: 3/5
   624 | D:2      | Noticed Sigmund
   881 | D:2      | Learned a level 2 spell: Sticks to Snakes
  1470 | D:2      | Reached XP level 3. HP: 21/28 MP: 0/6
  1906 | D:2      | Killed Sigmund
  1906 | D:2      | Reached skill level 3 in Transmutations
  1906 | D:2      | Reached XP level 4. HP: 10/35 MP: 0/7
  1906 | D:2      | Reached XP level 5. HP: 12/40 MP: 0/8
  2078 | D:2      | Learned a level 4 spell: Ice Form
  2096 | D:2      | Noticed Natasha
  2105 | D:2      | HP: 1/40 [Natasha (3)]
  2435 | D:2      | Noticed Terence
  2452 | D:2      | HP: 2/40 [Terence/flail of draining (10)]
  2454 | D:2      | Killed Terence
  2724 | D:2      | Killed Natasha
  2751 | D:2      | Found a shattered altar of Ashenzari.
  2980 | D:2      | Reached skill level 1 in Ice Magic
  3937 | D:3      | Reached skill level 4 in Transmutations
  4136 | D:4      | HP: 1/40 [gnoll/spear (3)]
  4515 | D:4      | Reached skill level 1 in Polearms
  4522 | D:4      | Noticed Kholdaimon's ghost (amateur GnSk)
  4717 | D:4      | Found Votoxtu's Assorted Antiques.
  4726 | D:4      | Reached XP level 6. HP: 46/47 MP: 7/9
  4740 | D:4      | Bought a pair of runed boots for 187 gold pieces
  5905 | D:4      | Reached skill level 5 in Unarmed Combat
  6477 | D:4      | Noticed Ijyb
  6517 | D:4      | Killed Ijyb
  6760 | D:4      | Killed Kholdaimon's ghost
  6760 | D:4      | Your scales start taking on a rich purple colour.
  6760 | D:4      | Reached XP level 7. HP: 20/52 MP: 0/10
  7036 | D:4      | Reached skill level 5 in Transmutations
  7371 | D:5      | Entered Level 5 of the Dungeon
  7727 | D:5      | Learned a level 5 spell: Blade Hands
  7860 | D:5      | Found a white marble altar of Elyvilon.
  8121 | D:6      | Reached XP level 8. HP: 59/59 MP: 7/12
  8304 | D:6      | Reached skill level 6 in Transmutations
  8509 | D:6      | Reached skill level 5 in Ice Magic
  9142 | D:7      | Found a runed door.
  9146 | D:7      | Noticed Crazy Yiuf
  9150 | D:7      | Killed Crazy Yiuf
  9233 | D:7      | Found a staircase to the Ecumenical Temple.
  9528 | D:7      | Noticed Menkaure
  9542 | D:7      | Killed Menkaure
  9542 | D:7      | Reached skill level 7 in Transmutations
  9966 | D:8      | Noticed a two-headed ogre
  9980 | D:8      | Slain by a two-headed ogre

Skill      XL: |  1  2  3  4  5  6  7  8 |
---------------+-------------------------+-----
Dodging        | 2 |  2.1
Unarmed Combat | 4 5 6 |  6.4
Transmutations | 3 4 5 7 |  7.2
Ice Magic      | 1 2 4 5 |  5.5
Polearms       | 1 |  1.9
Spellcasting   | 3 4 |  4.7
Fighting       | |  1.1
Stealth        | |  0.2

Action                   |  1- 3 |  4- 6 |  7- 9 || total
-------------------------+-------+-------+-------++-------
Melee: Unarmed           |   100 |   192 |   136 ||   428
       Headbutt          |    11 |    23 |     2 ||    36
       Tailslap          |     7 |    20 |     8 ||    35
       Scythe            |       |    13 |       ||    13
       Punch             |       |     4 |       ||     4
       Kick              |       |     1 |       ||     1
Throw: Tomahawk          |     2 |       |       ||     2
 Cast: Beastly Appendage |    17 |    36 |     3 ||    56
       Sticks to Snakes  |    11 |    27 |     5 ||    43
       Ice Form          |       |       |    14 ||    14
       Blade Hands       |       |       |    13 ||    13
  Use: Scroll            |       |     8 |     6 ||    14
       Potion            |       |     2 |       ||     2
 Stab: Distracted        |       |     1 |     1 ||     2
       Sleeping          |       |     1 |     1 ||     2
  Eat: Ration            |     1 |     3 |     3 ||     7
       Chunk             |     1 |     8 |    10 ||    19
Armor: Skin              |    19 |    48 |    36 ||   103
Dodge: Dodged            |    68 |    97 |    62 ||   227
Block: Other             |     5 |    51 |       ||    56
